 Dungeon Crawl Stone Soup version 0.20.1-1-g8b1a95d (webtiles) character file.

226 Gremour the Slasher (level 6, -4/37 HPs)
             Began as a Gargoyle Fighter on Nov 21, 2017.
             Killed by Freeze
             ... invoked by Zogzag's ghost
              (14 damage)
             ... on level 3 of the Dungeon.
             The game lasted 00:14:05 (3591 turns).

Gremour the Slasher (Gargoyle Fighter)              Turns: 3591, Time: 00:14:05

Health: -4/37      AC: 15    Str: 19    XL:     6   Next: 1%
Magic:  6/6        EV:  7    Int:  9    God:
Gold:   180        SH:  9    Dex: 11    Spells: 5/5 levels left

rFire    . . .     SeeInvis .   a - +1 long sword
rCold    . . .     Gourm    .   c - +0 shield
rNeg     + . .     Faith    .   b - +0 scale mail
rPois    ∞         Spirit   .   o - +2 helmet
rElec    +         Reflect  .   (no cloak)
rCorr    .         Harm     .   (no gloves)
MR       .....                  m - +0 pair of boots
Stlth    ..........             (no amulet)
Regen    0.2/turn               (no ring)
MPRegen  0.1/turn               (no ring)

@: no status effects
A: negative energy resistance 1, electricity resistance, unbreathing,
petrification resistance, rot immunity, AC +4
a: no special abilities


You were on level 3 of the Dungeon.
You were not hungry.

You visited 1 branch of the dungeon, and saw 3 of its levels.

You collected 180 gold pieces.

Inventory:

Hand Weapons
 a - a +1 long sword (weapon)
 l - a +0 antimagic spear
 n - a +1 short sword of protection
Armour
 b - a +0 scale mail (worn)
 c - a +0 shield (worn)
 m - a +0 pair of boots (worn)
 o - a +2 helmet (worn)
Scrolls
 e - 3 scrolls of recharging
 i - 2 scrolls of identify
 k - a scroll of teleportation {unknown}
 p - 2 scrolls of remove curse
Potions
 g - a potion of magic
 h - a potion of curing
Comestibles
 d - 2 chunks of flesh
 f - 2 bread rations


   Skills:
 - Level 3.4 Fighting
 + Level 5.2 Long Blades
 - Level 3.4 Armour
 - Level 3.5 Shields


You had 5 spell levels left.
You didn't know any spells.

Dungeon Overview and Level Annotations

Branches:
Dungeon (3/15)

Altars:

Annotations:
D:3 Zogzag's ghost, amateur HuIE


Innate Abilities, Weirdness & Mutations

You are resistant to torment.
Your stone body is resilient. (AC +4)
You are immune to poison.
You resist negative energy. (rN+)
You are resistant to electric shocks. (rElec)
You can survive without breathing.
You are immune to petrification.
You are immune to rotting.


Message History

You recover from your berserk rage.
Zogzag's ghost hits you but does no damage.
You slash Zogzag's ghost!
Zogzag's ghost is moderately damaged.
Zogzag's ghost gestures at you while chanting.
You are frozen.
You hit Zogzag's ghost.
Zogzag's ghost is heavily damaged.
Zogzag's ghost casts a spell at you.
You are frozen.
You closely miss Zogzag's ghost.
Zogzag's ghost is heavily damaged.
Zogzag's ghost casts a spell at you.
You are frozen.
* * * LOW HITPOINT WARNING * * *
Zogzag's ghost barely misses you.
You riposte.
You hit Zogzag's ghost.
Zogzag's ghost is heavily damaged.
Zogzag's ghost gestures at you while chanting.
You are frozen.
You die...

#.###.##.##.# #.# #. #.#
#.##.##.# ####.##### #. #.#
#.##.##.# #........# ####. #.#
#.......# #.##.###.# #.()) ..#
###...### #.##.###.# #.### ###
##.....## #.##..##.# #.### #
##.......## ##.###.##.# #.##.
####.........####)........###.#..
...+....^....+..@W...............
####.........####...##.######.#..
.####.......## ##.###.# #.... ..#
##.....## ### ... ###.#
..#####...## #.#.# #.#
.........## #. .# #.# .#######.#
#. ## #.# .# #.# #. #.#
.#######.##


You could see Zogzag's ghost.

Vanquished Creatures
  A centaur (D:3)
  7 adders
  An ooze (D:1)
  5 worms
  3 dart slugs
  4 leopard geckos
  An orc (D:3)
  2 giant cockroaches (D:3)
  5 hobgoblins
  8 kobolds
  A quokka (D:2)
  2 ball pythons
  5 bats
  4 frilled lizards
  7 goblins
  3 rats
59 creatures vanquished.

Notes
Turn   | Place    | Note
-------+----------+-------------------------------------------
     0 | D:1      | Gremour the Gargoyle Fighter began the quest for the Orb.
     0 | D:1      | Reached XP level 1. HP: 14/14 MP: 1/1
    39 | D:1      | Reached XP level 2. HP: 18/19 MP: 2/2
   112 | D:1      | Reached skill level 2 in Long Blades
   772 | D:1      | Reached XP level 3. HP: 23/23 MP: 3/3
  1101 | D:2      | Reached skill level 3 in Long Blades
  1408 | D:2      | Reached XP level 4. HP: 26/28 MP: 4/4
  2540 | D:3      | Reached skill level 4 in Long Blades
  2712 | D:3      | Noticed a centaur
  2725 | D:3      | Killed a centaur
  2725 | D:3      | Reached XP level 5. HP: 12/32 MP: 5/5
  2891 | D:3      | Reached skill level 5 in Long Blades
  3206 | D:3      | Reached XP level 6. HP: 37/37 MP: 6/6
  3211 | D:3      | Noticed Zogzag's ghost (amateur HuIE)
  3591 | D:3      | Killed from afar by Zogzag's ghost

Skill      XL: |  1  2  3  4  5 |
---------------+----------------+-----
Long Blades    | 2 3 4 5 |  5.2
Fighting       | |  3.4
Armour         | |  3.4
Shields        | |  3.5

Action                   |  1- 3 |  4- 6 || total
-------------------------+-------+-------++-------
Melee: Long sword        |   115 |   133 ||   248
  Use: Potion            |     1 |     4 ||     5
       Scroll            |     5 |       ||     5
  Eat: Chunk             |     2 |     6 ||     8
       Bread ration      |       |     1 ||     1
Armor: Scale mail        |    57 |    65 ||   122
Dodge: Dodged            |    55 |    23 ||    78
Block: Shield            |    58 |    61 ||   119
       Rpst.: Long sword |    17 |     7 ||    24
